 Dungeon Crawl Stone Soup version 0.29.1-12-g30fa7ad0bf (webtiles) character file.

Game seed: 15949464511520313731

7 Spock the Firebug (level 2, 20/20 HPs)
             Began as a Hill Orc Fire Elementalist on Dec 30, 2022.
             Was a Believer of Lugonu.
             Quit the game on level 1 of the Dungeon.
             The game lasted 00:01:16 (199 turns).

Spock the Firebug (Hill Orc Fire Elementalist)       Turns: 199, Time: 00:01:16

Health: 20/20      AC:  2    Str: 10    XL:     2   Next: 0%
Magic:  4/4        EV: 12    Int: 15    God:    Lugonu [**....]
Gold:   10         SH:  0    Dex: 11    Spells: 1/4 levels left

rFire   . . .      SeeInvis .   (no weapon)
rCold   . . .      Faith    .   (no shield)
rNeg    . . .      Spirit   .   a - +0 robe
rPois   .          Reflect  .   (no helmet)
rElec   .          Harm     .   (no cloak)
rCorr   .          Rampage  .   (no gloves)
Will    .....                   (no boots)
Stlth   ++........              d - amulet of magic regeneration
HPRegen 0.06/turn               (no ring)
MPRegen 0.49/turn               (no ring)

@: no status effects
A: no striking features
a: Renounce Religion, Depart the Abyss, Bend Space


You were on level 1 of the Dungeon.
You worshipped Lugonu.
Lugonu was pleased with you.
You visited 1 branch of the dungeon, and saw 1 of its levels.

You collected 10 gold pieces.

Inventory:

Armour
 a - a +0 robe (worn)
Jewellery
 d - an amulet of magic regeneration (around neck)
Scrolls
 e - a scroll of teleportation {unknown}
Potions
 b - a potion of magic
 c - a potion of berserk rage {unknown}


   Skills:
 * Level 0.2 Fighting
 * Level 0.1 Armour
 * Level 1.7 Dodging
 * Level 1.6 Stealth
 * Level 0.1 Unarmed Combat
 * Level 1.6 Spellcasting
 * Level 1.0 Conjurations
 * Level 3.4 Fire Magic


You had one spell level left.
You knew the following spells:

 Your Spells              Type           Power      Damage    Failure   Level
a - Foxfire               Conj/Fire      32%        2x1d5     9%          1
b - Scorch                Fire           22%        2d6       9%          2

Your spell library contained the following spells:

 Spells                   Type           Power      Damage    Failure   Level
 Conjure Flame            Conj/Fire      8%         6-21      26%         3
 Inner Flame              Hex/Fire       6%         N/A       34%         3
 Flame Wave               Conj/Fire      8%         2d5       65%         4


Dungeon Overview and Level Annotations

Branches:
Dungeon (1/15)

Altars:
Lugonu


Message History

Anything else - Cancel.
Gang up on whom?
Press: ? - help, Dir - move target, f - spectral hobgoblin
Aim: a spectral hobgoblin (ally target) Attack!
The foxfire hits the spectral hobgoblin.
The spectral hobgoblin is heavily damaged.
The foxfire hits the spectral hobgoblin but does no damage.
The spectral hobgoblin is heavily damaged.
The spectral hobgoblin is engulfed in a cloud of scalding steam.
You destroy the spectral hobgoblin!
There is an open gate here.
You enter the shallow water.
Moving in this stuff is going to be slow.
You enter the shallow water.
Moving in this stuff is going to be slow.
A quokka comes into view.
There is a faded altar of an unknown god here.
You cannot tell which god this altar belongs to.
Convert to them anyway?
Lugonu accepts your prayer! Lugonu welcomes you!
You can now depart the Abyss.
You can now bend space around yourself.
You enter the shallow water.
Moving in this stuff is going to be slow.
Found a robe.
There is a corrupted altar of Lugonu here.
Casting: Foxfire (safe; 10% risk of failure)
Press: ? - help, Q - select action, (/) - cycle Dir - look around, f - activate You conjure some foxfire!
Your foxfire dissipates!
The foxfire hits the quokka.
The quokka is lightly wounded.
The quokka is engulfed in a cloud of scalding steam.
You kill the quokka!
Lugonu accepts your kill.
You have reached level 2!
Memorise Scorch, consuming 2 spell levels and leaving 1?
You start memorising the spell.
You continue memorising. x2
You finish memorising.
Spell assigned to 'b'.
Are you sure you want to abandon this character and quit the game? (Confirm with "yes".)

.. ... [# ##. #~##
.# ..~ ~~8#~.
#..####~~#.#
#.##~~.~##.#
#.#~.~.~#..#
####~'~.~.~#..#.#
#....'~~.@_ยง....#
#.##~'~.~~.#~.#.##
#.#..~.~#~....
#~##~.~.##~#.##
#~~####..#~. ..
###~.~#.8~.#. #.
#.#.####.#.#
#.#..~.~~# #
#.##...###.#


There were no monsters in sight!

Vanquished Creatures
  A dart slug (D:1)
  A goblin (D:1)
  A quokka (D:1)
  A rat (D:1)
  A spectral hobgoblin (D:1)
5 creatures vanquished.

Vanquished Creatures (others)
  9 foxfires (D:1)
9 creatures vanquished.

Grand Total: 14 creatures vanquished

Notes
Turn   | Place    | Note
-------+----------+-------------------------------------------
     0 | D:1      | Spock the Hill Orc Fire Elementalist began the quest for
                  | the Orb.
     0 | D:1      | Reached XP level 1. HP: 14/14 MP: 3/3
   179 | D:1      | Found a faded altar of an unknown god.
   191 | D:1      | Prayed at the altar of an unknown god.
   191 | D:1      | Became a worshipper of Lugonu the Unformed
   191 | D:1      | Reached * piety under Lugonu
   191 | D:1      | Reached ** piety under Lugonu
   196 | D:1      | Reached XP level 2. HP: 20/20 MP: 4/4
   199 | D:1      | Learned a level 2 spell: Scorch
   199 | D:1      | Quit the game

Illustrated notes

Levels and vault maps discovered:
D:1:      minmay_arrival_wavy_path, layout_loops_ring,
          dreamdust_ecumenical_altar_drowned_temple, serial_shops, shop,
          minmay_misc_feat_rows, columned_hall_lemuel

Action                   || total
-------------------------++-------
 Cast: Foxfire           ||     6
  Use: Scroll            ||     1
Dodge: Dodged            ||     1
